 Dungeon Crawl Stone Soup version 0.20.0-4-g10b340a (webtiles) character file.

119 RKaid the Caller (level 4, 0/35 HPs)
             Began as a Demigod Summoner on May 28, 2017.
             Slain by a bat skeleton (1 damage)
             ... on level 2 of the Dungeon.
             The game lasted 00:07:33 (3123 turns).

RKaid the Caller (Demigod Summoner)                 Turns: 3123, Time: 00:07:34

Health: 0/35       AC:  2    Str: 11    XL:     4   Next: 46%
Magic:  7/10       EV: 13    Int: 21    God:
Gold:   91         SH:  0    Dex: 16    Spells: 2/8 levels left

rFire    . . .     SeeInvis .   a - +0 whip
rCold    . . .     Gourm    .   (no shield)
rNeg     . . .     Faith    .   e - +0 robe
rPois    .         Spirit   .   (no helmet)
rElec    .         Reflect  .   (no cloak)
rCorr    .         Harm     .   (no gloves)
MR       .....                  (no boots)
Stlth    ++........             (no amulet)
Regen    0.2/turn               (no ring)
MPRegen  0.2/turn               (no ring)

@: no status effects
A: high mp 1
a: no special abilities


You were on level 2 of the Dungeon.
You were not hungry.

You visited 1 branch of the dungeon, and saw 2 of its levels.

You collected 91 gold pieces.

Inventory:

Hand Weapons
 a - a +0 whip (weapon)
   (You found it on level 1 of the Dungeon)
 b - a +0 hunting sling
   (You found it on level 2 of the Dungeon)
Armour
 e - a +0 robe (worn)
Scrolls
 g - a scroll of magic mapping {unknown}
 k - a scroll of recharging {unknown}
Potions
 f - a potion of lignification {unknown}
 h - a potion of resistance {unknown}
 i - a potion of brilliance {unknown}
 m - a potion of flight {unknown}
Books
 j - a book of Callings
Comestibles
 c - a bread ration
 d - a royal jelly
 l - a chunk of flesh


   Skills:
 + Level 1.1 Fighting
 + Level 2.3 Dodging
 - Level 1.7 Stealth
 - Level 2.6 Spellcasting
 - Level 4.5 Summonings


You had 2 spell levels left.
You knew the following spells:

 Your Spells              Type           Power        Failure   Level  Hunger
a - Summon Small Mammal   Summ           ###.         1%          1    None
b - Call Imp              Summ           ###.....     3%          2    ##.....
c - Call Canine Familiar  Summ           ###.....     6%          3    ###....


Dungeon Overview and Level Annotations

Branches:
Dungeon (2/15)


Innate Abilities, Weirdness & Mutations

You have an increased reservoir of magic. (+10% MP)


Message History

The bat zombie hits you but does no damage.
The bat zombie closely misses you. The vampire bat misses you.
You hit the vampire bat. The bat zombie misses you. The vampire bat bites you.
The vampire bat draws strength from your injuries!
The vampire bat barely misses you. The bat zombie barely misses you.
The vampire bat bites you but does no damage.
The bat zombie hits you but does no damage.
The bat zombie hits you. The bat zombie misses you.
You hit the bat zombie but do no damage.
The bat zombie hits you but does no damage.
The bat zombie barely misses you.
The bat zombie hits you but does no damage.
You barely miss the bat zombie. The bat zombie hits you.
The bat zombie hits you but does no damage.
The bat zombie barely misses you.
You hit the bat zombie.
The bat zombie hits you but does no damage.
The bat zombie misses you. The bat zombie hits you.
You hit the bat zombie.
You destroy the bat zombie!
The vampire bat bites you but does no damage.
The vampire bat bites something.
You hit the vampire bat. The vampire bat bites you.
The vampire bat draws strength from your injuries!
The vampire bat barely misses something.
You closely miss the vampire bat. The vampire bat barely misses you. x2
The vampire bat bites you.
The vampire bat draws strength from your injuries!
You hit the vampire bat but do no damage.
The vampire bat bites you.
The vampire bat draws strength from your injuries!
Casting: Summon Small Mammal
Confirm with . or Enter, or press ? or * to list all spells.
A beastly little devil appears in a puff of flame.
The vampire bat barely misses your crimson imp.
There are no items here.
There are no items here.
The vampire bat barely misses your crimson imp.
The vampire bat misses your crimson imp.
The vampire bat barely misses your crimson imp.
The vampire bat completely misses your crimson imp.
The vampire bat bites your crimson imp but does no damage.
The vampire bat bites your crimson imp.
Your crimson imp hits the vampire bat.
The vampire bat bites you.
The vampire bat draws strength from your injuries!
The vampire bat closely misses you.
You hit the vampire bat.
You destroy the vampire bat!
Your Fighting skill increases to level 1!
The vampire bat completely misses you. The bat skeleton barely misses you.
The bat skeleton closely misses you.
The bat skeleton hits you but does no damage.
The bat skeleton barely misses you. The vampire bat completely misses you.
The bat skeleton hits you but does no damage.
You hit the bat skeleton but do no damage.
The vampire bat bites you but does no damage.
The bat skeleton hits you but does no damage.
The vampire bat bites you.
The vampire bat draws strength from your injuries!
The bat skeleton hits you. The vampire bat bites you.
The vampire bat draws strength from your injuries!
The bat skeleton hits you but does no damage.
Your crimson imp hits the bat skeleton.
The vampire bat bites your crimson imp.
The bat skeleton hits you but does no damage.
The vampire bat completely misses you. The bat skeleton closely misses you.
The vampire bat bites you.
* * * LOW HITPOINT WARNING * * *
The vampire bat draws strength from your injuries!
The bat skeleton hits you.
* * * LOW HITPOINT WARNING * * *
The vampire bat bites you.
* * * LOW HITPOINT WARNING * * *
The vampire bat draws strength from your injuries!
The bat skeleton hits you.
* * * LOW HITPOINT WARNING * * *
Okay, then.
Casting: Call Imp
Confirm with . or Enter, or press ? or * to list all spells.
The bat skeleton barely misses you. The vampire bat bites you.
* * * LOW HITPOINT WARNING * * *
The vampire bat draws strength from your injuries!
The bat skeleton barely misses you.
The vampire bat bites your hound but does no damage.
The bat skeleton closely misses you.
Your crimson imp blinks!
The vampire bat completely misses your hound.
The vampire bat misses you. The bat skeleton misses you.
Your hound bites the vampire bat.
The bat skeleton hits you.
* * * LOW HITPOINT WARNING * * *
The vampire bat completely misses something.
The bat skeleton misses you.
Your hound bites the bat skeleton.
Unknown command.
The bat skeleton closely misses you. The bat skeleton hits you.
* * * LOW HITPOINT WARNING * * *
The vampire bat closely misses you. The bat skeleton misses you.
The vampire bat bites you.
* * * LOW HITPOINT WARNING * * *
The vampire bat draws strength from your injuries!
The bat skeleton hits you.
You die...

##.⌠.#.⌠.#...###.....<#..
##.#.#.#.#.#.#.##......#..
#...#.⌠.#.⌠.#.⌠.#......#..
#⌠.⌠.#.#.#.#.#..'....#.#'#
#._...#.⌠.#.⌠.#.'..#......
#⌠.⌠.#5#.#.#.#..'..#....÷.
#...#.⌠.#.⌠.#.⌠.#.........
##.#.#.#b#.#.#.##.##......
##.⌠.#hZ@#...###..#......
##.#.#.###### #..#......
####### #..#......
...#...... ......####
......# ....... ......


You could see a vampire bat, a bat skeleton, a friendly hound and a friendly
crimson imp.

Vanquished Creatures
  A vampire bat (D:2)
  An adder (D:2)
  An ooze (D:1)
  4 dart slugs
  A leopard gecko (D:1)
  2 bat skeletons (D:2)
  2 bat zombies (D:2)
  4 giant cockroaches (D:1)
  2 goblins
  5 hobgoblins
  4 jackals (D:1)
  2 kobolds
  4 bats
  A frilled lizard (D:2)
  7 rats
41 creatures vanquished.

Vanquished Creatures (collateral kills)
  An adder (D:2)
  A worm (D:2)
  A dart slug (D:1)
  2 leopard geckos
  A bat zombie (D:2)
  A goblin (D:1)
  A hobgoblin (D:1)
  5 jackals (D:1)
  A quokka (D:2)
  4 bats
  2 kobolds (D:1)
  A rat (D:1)
21 creatures vanquished.

Grand Total: 62 creatures vanquished

Notes
Turn   | Place    | Note
-------+----------+-------------------------------------------
     0 | D:1      | RKaid the Demigod Summoner began the quest for the Orb.
     0 | D:1      | Reached XP level 1. HP: 14/14 MP: 5/5
   289 | D:1      | Reached skill level 2 in Spellcasting
   683 | D:1      | Reached XP level 2. HP: 16/20 MP: 4/7
   748 | D:1      | Learned a level 2 spell: Call Imp
   809 | D:1      | Reached skill level 4 in Summonings
  1292 | D:1      | Reached XP level 3. HP: 23/26 MP: 9/9
  2391 | D:2      | Learned a level 3 spell: Call Canine Familiar
  3065 | D:2      | Reached XP level 4. HP: 32/34 MP: 10/10
  3082 | D:2      | Reached skill level 2 in Dodging
  3090 | D:2      | Found an ancient bone altar of Kikubaaqudgha.
  3112 | D:2      | Reached skill level 1 in Fighting
  3118 | D:2      | HP: 7/35 [vampire bat (2)]
  3123 | D:2      | HP: 1/35 [vampire bat (3)]
  3123 | D:2      | Slain by a bat skeleton

Skill      XL: |  1  2  3  4 |
---------------+-------------+-----
Spellcasting   | 2 |  2.6
Summonings     | 4 |  4.5
Dodging        | 2 |  2.3
Fighting       | 1 |  1.1
Stealth        | |  1.7

Action                   |  1- 3 |  4- 6 || total
-------------------------+-------+-------++-------
Melee: Whip              |   193 |    23 ||   216
       Unarmed           |    22 |       ||    22
 Cast: Summon Small Mamm |    29 |     2 ||    31
       Call Imp          |     5 |     1 ||     6
       Call Canine Famil |       |     1 ||     1
 Stab: Sleeping          |     6 |     1 ||     7
  Eat: Chunk             |     4 |       ||     4
       Meat ration       |     1 |       ||     1
Armor: Robe              |    63 |    27 ||    90
Dodge: Dodged            |   200 |    53 ||   253

Table legend:
 A = Turns spent in this place as a percentage of turns spent in the entire game.
 B = Non-inter-level travel turns spent in this place as a percentage of non-inter-level travel turns spent in the entire game.
 C = Inter-level travel turns spent in this place as a percentage of turns spent in this place.
 D = Turns resting spent in this place as a percentage of non-inter-level travel turns spent in this place.
 E = Turns spent auto-exploring this place as a percentage of non-inter-level travel turns spent in this place.
 F = Non-inter-level travel turns spent in this place divided by the number of levels of this place that you've seen.
                   A       B       C       D       E      F
               +-------+-------+-------+-------+-------+----------------------
         Total | 100.0 | 100.0 |   0.2 |   4.3 |   4.8 | 416.5
       Dungeon | 100.0 | 100.0 |   0.2 |   4.3 |   4.8 | 416.5
               +-------+-------+-------+-------+-------+----------------------

Table legend:
 A = Kills in this place as a percentage of kills in entire the game.
 B = Kills by you in this place as a percentage of kills by you in the entire game.
 C = Kills by friends in this place as a percentage of kills by friends in the entire game.
 D = Other kills in this place as a percentage of other kills in the entire game.
 E = Experience gained in this place as a percentage of experience gained in the entire game.
 F = Experience gained in this place divided by the number of levels of this place that you have seen.
                   A       B       C       D       E      F
               +-------+-------+-------+-------+-------+----------------------
         Total | 100.0 | 100.0 | 100.0 |  -nan | 100.0 |  85.0
       Dungeon | 100.0 | 100.0 | 100.0 |  -nan | 100.0 |  85.0
               +-------+-------+-------+-------+-------+----------------------
